 Dungeon Crawl Stone Soup version 0.26.0-18-gc5c842f807 (webtiles) character file.

Game seed: 9370361878123004568

124328 hatsuma the Warrior (level 16, -35/162 HPs)
             Began as a Minotaur Berserker on Jan 22, 2021.
             Was the Champion of Trog.
             Killed from afar by Nikola (39 damage)
             ... with a chain lightning
             ... on level 4 of the Snake Pit.
             The game lasted 02:55:15 (24868 turns).

hatsuma the Warrior (Minotaur Berserker)           Turns: 24868, Time: 02:55:17

Health: -35/162    AC: 39    Str: 37    XL:     16   Next: 39%
Magic:  15/15      EV: 18    Int:  5    God:    Trog [******]
Gold:   2727       SH:  0    Dex: 17    Spells: 15/15 levels left

rFire    + . .     SeeInvis .   a - +10 executioner's axe of the Onslaught {flame, Str+6 Dex+3}
rCold    x . .     Faith    +   (shield currently unavailable)
rNeg     + + .     Spirit   .   z - +9 plate armour of Crawling {rPois}
rPois    +         Reflect  .   K - +2 hat
rElec    .         Harm     .   l - +2 cloak
rCorr    .         Rampage  .   w - +2 pair of gloves
Will     +....                  B - +2 pair of boots
Stlth    ..........             L - amulet of faith
HPRegen  0.37/turn              J - ring "Kiefevemm" {Fire rN++ Str+7 Stlth-}
MPRegen  0.14/turn              O - +4 ring of evasion

@: no status effects
A: retaliatory headbutt, horns 2
a: Renounce Religion, Berserk, Trog's Hand, Brothers in Arms


You were on level 4 of the Snake Pit.
You worshipped Trog.
Trog was exalted by your worship.
You visited 4 branches of the dungeon, and saw 27 of its levels.
You also visited: Bailey and Gauntlet.

You collected 2727 gold pieces.

Inventory:

Hand Weapons
 a - the +10 executioner's axe of the Onslaught (weapon) {flame, Str+6 Dex+3}
   (You acquired it on level 2 of the Lair of Beasts)

   It has been specially enchanted to burn those struck by it, causing extra
   injury to most foes and up to half again as much damage against particularly
   susceptible opponents.
   Big, fiery blades are also staple armaments of hydra-hunters.
   It affects your strength (+6).
   It affects your dexterity (+3).
 b - a +6 hunting sling of flaming
 U - a +3 antimagic executioner's axe
Missiles
 F - 148 sling bullets
 N - 7 atropa-tipped darts
 P - 6 curare-tipped darts (quivered)
Armour
 l - a +2 cloak (worn)
 w - a +2 pair of gloves (worn)
 z - the +9 plate armour of Crawling (worn) {rPois}
   (You found it on level 4 of the Dungeon)

   It protects you from poison.
 B - a +2 pair of boots (worn)
 K - a +2 hat (worn)
Jewellery
 n - an uncursed ring of resist corrosion
 A - an uncursed ring of protection from cold
 E - an uncursed amulet of guardian spirit
 J - the ring "Kiefevemm" (left hand) {Fire rN++ Str+7 Stlth-}
   (You found it in a Gauntlet)

   [ring of fire]

   It enhances your fire magic.
   It affects your strength (+7).
   It protects you from fire.
   It makes you vulnerable to cold.
   It greatly protects you from negative energy.
   It makes you less stealthy.
 L - an amulet of faith (around neck)
 O - a +4 ring of evasion (right hand)
 T - an uncursed amulet of magic regeneration {unknown}
 V - an uncursed ring of protection from fire
 W - an uncursed ring of see invisible
Wands
 c - a wand of paralysis (16)
 t - a wand of polymorph (10)
 y - a wand of digging (15)
 D - a wand of flame (57)
 Q - a wand of disintegration (10)
 R - a wand of enslavement (9)
Scrolls
 i - 6 scrolls of fog
 j - 6 scrolls of fear
 k - 2 scrolls of brand weapon
 m - a scroll of enchant weapon
 o - 5 scrolls of blinking
 s - a scroll of magic mapping
 u - 10 scrolls of teleportation
 v - a scroll of silence {unknown}
 x - 3 scrolls of summoning
 C - 7 scrolls of remove curse
 I - a scroll of immolation {unknown}
 M - 2 scrolls of vulnerability {unknown}
 S - a scroll of torment {unknown}
Potions
 d - 3 potions of haste
 e - 3 potions of lignification
 f - a potion of berserk rage {unknown}
 g - 3 potions of curing
 h - 3 potions of heal wounds
 p - 2 potions of mutation {unknown}
 q - 5 potions of might
 r - 4 potions of ambrosia
 G - 2 potions of cancellation {unknown}
 H - 2 potions of flight {unknown}
 X - 6 potions of invisibility
Miscellaneous
 Y - a tin of tremorstones (2/2)
 Z - a phantom mirror


   Skills:
 - Level 20.0 Fighting
 - Level 20.0 Axes
 - Level 5.2 Slings
 + Level 15.7 Armour
 - Level 8.2 Dodging
 - Level 9.0 Shields
 - Level 6.1 Evocations


You had 15 spell levels left.
You didn't know any spells.
Your spell library was empty.

Dungeon Overview and Level Annotations

Branches:
Dungeon (15/15)            Temple (0/1) D:6            Lair (6/6) D:11
  Swamp (0/4) Lair:2        Snake (4/4) Lair:4        Slime (0/5) Lair:6
    Orc (2/2) D:12            Elf (0/3) Orc:2        Bailey (visited)
Gauntlet (visited)
 Vaults: D:13-14     Depths: D:15

Altars:
Ashenzari
Dithmenos
Elyvilon
Fedhas
Gozag
Kikubaaqudgha
Makhleb
Qazlal
Ru
Trog
Uskayaw
Vehumet
Beogh
Jiyva

Shops:
D:7 ?   D:9 =   Orc:2 !(}[(   Snake:1 [

Annotations:
D:4 Prince Ribbit
D:6 exclusion: oklob plant
Lair:6 1 runed translucent door
Snake:3 2 transporters, hydrant's ghost, adept VSBe
Snake:4 Donald; Nikola; Vashnia


Innate Abilities, Weirdness & Mutations

You reflexively headbutt those who attack you in melee.
You have a pair of horns on your head.


Message History

You furiously retaliate!
You headbutt the anaconda. The anaconda constricts you.
Nikola mumbles some strange words.
You hear a mighty clap of thunder!
The lightning arc hits you!!!
The lightning arc hits the anaconda!
The lightning arc hits you!!
* * * LOW HITPOINT WARNING * * *
The lightning arc hits Nikola.
The lightning arc hits you!!
* * * LOW HITPOINT WARNING * * *
The lightning arc hits the anaconda!!
The anaconda dies!
You hear a shout! x2; You hear an angry hiss.
You hear a shout! x3
You see here a bolt.
You feel much better.
Nikola mumbles some strange words.
You hear a mighty clap of thunder!
The lightning arc hits you!!
* * * LOW HITPOINT WARNING * * *
The lightning arc hits Nikola!
The lightning arc hits you!!!
You die...

#<..............######)##..
#............#..## #N# .#
#............#...### #N##.
#........#####.....###.##.###
#....#####.....#........N.#..
#....# #....###...#...N....
###### #.....#...####NNNNN.
#...#...#.## #.....
#..@.#.##..#####..NN
####..(.(............N(
#....@...............NN
......#######(N....#...N
####.# ##..#.N...ยง #.
N....SN. #. ..###..N . ....
.....


You could see Nikola (poisoned) and Vashnia.

Vanquished Creatures
  Kirke (Lair:4)
  5 nagarajas
  Aizul (Snake:1)
  A minotaur (Gauntlet)
  Josephine (D:11)
  A green death (Gauntlet)
  Harold (D:8)
  A boulder beetle (Lair:4)
  9 hydras
  3 naga warriors
  A death knight (D:11)
  8 anacondas
  Erica (D:7)
  A centaur warrior (D:13)
  4 two-headed ogres
  A queen ant (Lair:3)
  5 death yaks
  9 naga sharpshooters
  An orc high priest (Orc:2)
  3 shock serpents
  Sonja (Orc:2)
  Nergalle (Lair:3)
  2 unseen horrors
  Pikel (D:5)
  3 naga ritualists
  A lindwurm (Lair:6)
  An orc sorcerer (Orc:2)
  2 orc knights (Bailey)
  An oklob plant (Lair:1)
  10 mana vipers
  A manticore (D:11)
  7 cyclopes
  7 elephants
  6 salamanders
  21 black mambas
  3 guardian serpents
  6 naga magi
  A gargoyle (D:10)
  An orange demon (Gauntlet)
  10 cane toads
  2 kobold demonologists (Bailey)
  3 rime drakes
  7 komodo dragons
  A queen bee (Lair:2)
  2 trolls
  10 polar bears (Lair:6)
  2 raiju (Lair:6)
  18 blink frogs
  21 dream sheep
  5 shadows
  5 wraiths (D:11)
  2 wyverns
  56 yaks
  3 hogs (Lair:4)
  A basilisk (Lair:1)
  Eustachio (D:5)
  9 wargs
  Menkaure (D:5)
  30 nagas
  16 soldier ants
  2 swamp worms (Gauntlet)
  An acid dragon (D:12)
  16 water moccasins
  13 hell hounds (Lair:6)
  2 ice beasts
  2 sky beasts
  30 orc warriors
  11 black bears (Lair:6)
  A necrophage (D:10)
  2 phantoms
  11 ogres
  12 centaurs
  33 wolves
  20 bullfrogs
  3 scorpions
  36 killer bees
  14 wights
  14 electric eels
  2 howler monkeys (D:11)
  A bullfrog zombie (D:6)
  A centaur zombie (D:5)
  6 hounds
  2 centaur skeletons
  2 jellies
  14 orc priests
  25 orc wizards
  A bullfrog skeleton (D:11)
  4 iguanas
  40 worker ants
  A howler monkey zombie (D:11)
  A worker ant zombie (D:11)
  10 gnolls
  16 adders
  A shadow imp (D:6)
  2 white imps
  2 ufetubi
  An ooze (D:1)
  5 worms
  A dart slug (D:2)
  4 leopard geckos
  88 orcs
  2 ball pythons
  10 bats
  4 giant cockroaches
  17 goblins
  15 hobgoblins
  9 jackals
  8 kobolds
  6 quokkas
  2 frilled lizards
  A leopard gecko skeleton (D:6)
  6 rats
872 creatures vanquished.

Vanquished Creatures (collateral kills)
  An orc warlord (Orc:2)
  A naga sharpshooter (Snake:4)
  A shock serpent (Snake:4)
  2 orc warriors (Orc:2)
  An orc priest (Orc:2)
  5 orcs (Orc:2)
11 creatures vanquished.

Vanquished Creatures (others)
  An anaconda (Snake:4)
  A bush (Lair:4)
  50 fungi
  101 plants
153 creatures vanquished.

Grand Total: 1036 creatures vanquished

Notes
Turn   | Place    | Note
-------+----------+-------------------------------------------
     0 | D:1      | hatsuma the Minotaur Berserker began the quest for the Orb.
     0 | D:1      | Reached XP level 1. HP: 19/19 MP: 0/0
   124 | D:1      | Reached XP level 2. HP: 25/26 MP: 1/1
   524 | D:1      | Reached skill level 5 in Axes
   549 | D:1      | Reached XP level 3. HP: 20/31 MP: 2/2
   839 | D:1      | Reached ** piety under Trog
  1214 | D:2      | Found a faded altar of an unknown god.
  1450 | D:2      | Reached XP level 4. HP: 28/39 MP: 3/3
  1816 | D:3      | Found a blossoming altar of Fedhas.
  2122 | D:3      | Reached skill level 5 in Fighting
  2122 | D:3      | Reached XP level 5. HP: 48/48 MP: 4/4
  2153 | D:3      | Reached XP level 6. HP: 9/53 MP: 5/5
  3292 | D:4      | Got a turquoise-encrusted plate armour
  3303 | D:4      | Identified the +9 plate armour of Crawling {rPois} (You
                  | found it on level 4 of the Dungeon)
  3368 | D:4      | Reached *** piety under Trog
  3417 | D:4      | Reached XP level 7. HP: 61/61 MP: 6/6
  3616 | D:4      | Found a shadowy altar of Dithmenos.
  3619 | D:4      | Found a hide-covered altar of Uskayaw.
  3626 | D:4      | Found a white marble altar of Elyvilon.
  3629 | D:4      | Found a bloodstained altar of Trog.
  3652 | D:5      | Entered Level 5 of the Dungeon
  3678 | D:5      | Noticed Menkaure
  3678 | D:5      | Noticed Prince Ribbit
  3982 | D:5      | Noticed Eustachio
  3992 | D:5      | Killed Eustachio
  3993 | D:5      | Noticed Pikel
  4038 | D:5      | Killed Pikel
  4039 | D:5      | Reached skill level 10 in Fighting
  4039 | D:5      | Reached XP level 8. HP: 79/79 MP: 7/7
  4436 | D:5      | Killed Menkaure
  4525 | D:5      | Found an opulent altar of Gozag.
  4816 | D:5      | Reached XP level 9. HP: 84/85 MP: 8/8
  4851 | D:6      | Found a staircase to the Ecumenical Temple.
  4863 | D:6      | Reached skill level 5 in Armour
  4938 | D:6      | Reached **** piety under Trog
  4942 | D:6      | Reached skill level 5 in Shields
  5208 | D:6      | Reached skill level 10 in Axes
  5274 | D:6      | Found a broken altar of Ashenzari.
  5274 | D:6      | Noticed an oklob plant
  5422 | D:7      | Found a stormy altar of Qazlal.
  5835 | D:7      | Found Vepaunon's Magic Scroll Emporium.
  6167 | D:8      | Noticed Harold
  6197 | D:8      | Killed Harold
  6198 | D:8      | Reached XP level 10. HP: 56/93 MP: 9/9
  6440 | D:8      | Noticed Erica
  6589 | D:7      | Killed Erica
  6635 | D:8      | Reached ***** piety under Trog
  7154 | D:9      | Found Xemmi's Jewellery Shop.
  7356 | D:9      | Reached skill level 5 in Dodging
  7417 | D:9      | Found a radiant altar of Vehumet.
  7419 | D:9      | Found a sacrificial altar of Ru.
  7504 | D:9      | Reached skill level 1 in Slings
  7551 | D:9      | Found an ancient bone altar of Kikubaaqudgha.
  7952 | D:10     | Entered Level 10 of the Dungeon
  8104 | D:10     | Noticed a gargoyle
  8138 | D:10     | Noticed a two-headed ogre
  8150 | D:10     | Killed a two-headed ogre
  8278 | D:10     | Reached XP level 11. HP: 100/102 MP: 10/10
  8645 | D:10     | Noticed a two-headed ogre
  8650 | D:10     | Killed a two-headed ogre
 10052 | D:11     | Noticed a death knight
 10164 | D:11     | Noticed a two-headed ogre
 10188 | D:11     | Killed a two-headed ogre
 10341 | D:11     | Killed an unseen horror
 10455 | D:11     | Killed a death knight
 10455 | D:11     | Received a gift from Trog
 10754 | D:11     | Found a staircase to the Lair.
 10954 | D:11     | You fall into a shaft and drop 2 floors!
 11023 | D:13     | Noticed a centaur warrior
 11037 | D:13     | Killed a centaur warrior
 11038 | D:13     | Reached skill level 5 in Slings
 11038 | D:13     | Reached XP level 12. HP: 110/112 MP: 3/11
 11046 | D:13     | Found a flagged portal.
 11060 | Bailey   | Entered a bailey
 11111 | Bailey   | Found an iron altar of Okawaru.
 11463 | Bailey   | Received a gift from Trog
 11836 | Bailey   | Got a masterwork trident
 11837 | Bailey   | Identified the +5 trident of the Depths {freeze, Will++
                  | Dex-2} (You found it in a bailey)
 11866 | Bailey   | Acquired a manual of Fighting
 11944 | D:11     | Noticed a two-headed ogre
 11952 | D:11     | Killed a two-headed ogre
 12222 | D:11     | Noticed Josephine
 12236 | D:11     | Killed Josephine
 12260 | D:11     | Noticed a death yak
 12308 | D:11     | Killed a death yak
 12379 | D:11     | Reached skill level 15 in Fighting
 12904 | Lair:1   | Entered Level 1 of the Lair of Beasts
 13875 | Lair:2   | Reached XP level 13. HP: 134/134 MP: 4/12
 13884 | Lair:2   | Received a gift from Trog
 13977 | Lair:2   | Found a gate leading to a gauntlet.
 13986 | Gauntlet | Entered a Gauntlet
 13986 | Gauntlet | Found a transporter.
 13986 | Gauntlet | Found a transporter.
 14011 | Gauntlet | Found a transporter.
 14023 | Gauntlet | Found a transporter.
 14040 | Gauntlet | Found a transporter.
 14042 | Gauntlet | Found a transporter.
 14043 | Gauntlet | Found a transporter.
 14043 | Gauntlet | Found a transporter.
 14047 | Gauntlet | Found a runed translucent door.
 14057 | Gauntlet | Found a transporter.
 14073 | Gauntlet | Found a transporter.
 14075 | Gauntlet | Found a runed translucent door.
 14082 | Gauntlet | Noticed a green death
 14083 | Gauntlet | Found a transporter.
 14097 | Gauntlet | Found a transporter.
 14117 | Gauntlet | Found a transporter.
 14129 | Gauntlet | Found a transporter.
 14227 | Gauntlet | Got a shimmering copper ring
 14232 | Gauntlet | Killed a green death
 14307 | Gauntlet | Noticed a minotaur
 14316 | Gauntlet | Killed a minotaur
 14339 | Gauntlet | Identified the ring "Kiefevemm" {Fire rN++ Str+7 Stlth-}
                  | (You found it in a Gauntlet)
 14519 | Lair:2   | Found a staircase to the Swamp.
 14601 | Lair:2   | Acquired the +10 executioner's axe of the Onslaught {flame,
                  | Str+6 Dex+3}
 15019 | Lair:3   | Reached skill level 15 in Axes
 15104 | Lair:3   | Received a gift from Trog
 15107 | Lair:3   | Reached skill level 10 in Armour
 15111 | Lair:3   | Reached ****** piety under Trog
 15446 | Lair:3   | Noticed Nergalle
 15452 | Lair:3   | Killed Nergalle
 15815 | Lair:4   | Received a gift from Trog
 15900 | Lair:4   | Reached XP level 14. HP: 144/146 MP: 13/13
 15911 | Lair:4   | Noticed Kirke
 15920 | Lair:4   | Killed Kirke
 16086 | Lair:4   | Found a staircase to the Snake Pit.
 17078 | Lair:5   | Found a burning altar of Makhleb.
 17427 | Lair:6   | Entered Level 6 of the Lair of Beasts
 17511 | Lair:6   | Received a gift from Trog
 18265 | Lair:6   | Reached XP level 15. HP: 135/152 MP: 14/14
 18265 | Lair:6   | Received a gift from Trog
 18674 | Lair:6   | Found a runed translucent door.
 18675 | Lair:6   | Found a viscous altar of Jiyva.
 18675 | Lair:6   | Found a staircase to the Slime Pits.
 18965 | D:12     | You fall into a shaft and drop 3 floors!
 18965 | D:15     | Entered Level 15 of the Dungeon
 19511 | D:12     | Found a staircase to the Orcish Mines.
 19535 | D:12     | Reached skill level 5 in Evocations
 19893 | Orc:1    | Entered Level 1 of the Orcish Mines
 20021 | Orc:1    | Found a roughly hewn altar of Beogh.
 20053 | Orc:1    | Found a roughly hewn altar of Beogh.
 20205 | Orc:2    | Entered Level 2 of the Orcish Mines
 20205 | Orc:2    | Found a staircase to the Elven Halls.
 20221 | Orc:2    | Found Pulestri's Gadget Shoppe.
 20472 | Orc:2    | Found a roughly hewn altar of Beogh.
 20481 | Orc:2    | Found Cimaruish's Antique Weapon Shop.
 20562 | Orc:2    | Found a roughly hewn altar of Beogh.
 20586 | Orc:2    | Noticed Sonja
 20607 | Orc:2    | Killed Sonja
 20607 | Orc:2    | Received a gift from Trog
 20820 | Orc:2    | Found a roughly hewn altar of Beogh.
 20829 | Orc:2    | Found Rafac's Distillery.
 20988 | Orc:2    | Found a roughly hewn altar of Beogh.
 21016 | Orc:2    | Found a roughly hewn altar of Beogh.
 21040 | Orc:2    | Found a roughly hewn altar of Beogh.
 21122 | Orc:2    | Noticed an orc warlord
 21144 | Orc:2    | Killed an orc warlord
 21151 | Orc:2    | Received a gift from Trog
 21159 | Orc:2    | Found Afyz's Antique Armour Shop.
 21159 | Orc:2    | Found a roughly hewn altar of Beogh.
 21162 | Orc:2    | Found Lount's Antique Weapon Boutique.
 21474 | Snake:1  | Entered Level 1 of the Snake Pit
 21528 | Snake:1  | Noticed Aizul
 21539 | Snake:1  | Killed Aizul
 21597 | Snake:1  | Found Jobuluze's Armour Shop.
 22242 | Snake:2  | Received a gift from Trog
 22383 | Snake:2  | Noticed a nagaraja
 22386 | Snake:2  | Killed a nagaraja
 22432 | Snake:2  | Identified the +1 robe "Ynuz" {rC+}
 23292 | Snake:3  | Reached XP level 16. HP: 158/162 MP: 15/15
 23538 | Snake:3  | Received a gift from Trog
 23732 | Snake:3  | Found a transporter.
 23736 | Snake:3  | Noticed hydrant's ghost (adept VSBe)
 23830 | Snake:3  | Found a transporter.
 23878 | Snake:4  | Entered Level 4 of the Snake Pit
 23882 | Snake:4  | Noticed Nikola
 24136 | Snake:4  | Reached skill level 15 in Armour
 24279 | Snake:4  | Noticed Donald
 24428 | Snake:4  | Noticed Vashnia
 24867 | Snake:4  | HP: 3/162 [Nikola/chain lightning (23)]
 24868 | Snake:4  | Killed from afar by Nikola

Illustrated notes

Levels and vault maps discovered:
D:1:      dpeg_arrival_chambers_temple_mockup, layout_loops_cross,
          minmay_pentomino_x2
D:2:      layout_rooms, chequers_ecumenical_altar_island
D:3:      layout_loops_ring, lemuel_tele_altar
D:4:      layout_loops_corners, grunt_temple_overflow_cloverleaf
D:5:      layout_cave_pools, lemuel_round_altar, amcnicky_mini_pool_small,
          uniq_pikel, uniq_menkaure, uniq_eustachio, uniq_prince_ribbit1
D:6:      layout_cave_pools, minmay_temple_entry_overgrown, nrook_loot_triangle,
          lemuel_oklob_altar
D:7:      layout_rooms, serial_shops, shop_statue,
          nicolae_qazlal_style_of_elements
D:8:      layout_cave_pools, uniq_erica, uniq_harold
D:9:      layout_small_grid, nicolae_overflow_hidden_temple, serial_shops,
          shop_fountains
D:10:     layout_loops_corners, kennysheep_boxes
D:11:     argonaut_augean_stables, layout_cave_pods, special_room
          [special_room_orc], uniq_josephine
D:12:     layout_basic, orc_0_dummy, minivault_25
D:13:     layout_basic, enter_bailey_4, enter_trove_3, minivault_25_ag
D:14:     layout_layer_cave, david_vaults_5, gammafunk_ghost_cemetery,
          grunt_decor_one_mirror, minmay_misc_feat_iff
D:15:     grunt_enter_depths_hoard, layout_stronghold, fedhas_altar_1,
          evilmike_butchery
Lair:1:   layout_regular_city, chequers_serial_rivers_micro_c,
          infiniplex_staircase_pool_2, minmay_lair_oklob_chamber
Lair:2:   layout_roguey [special_room_bee], swamp_mist_pool,
          gauntlet_entry_generic, lemuel_fruit_tree
Lair:3:   layout_regular_city, zaba_anthell, infiniplex_staircase_pool,
          uniq_nergalle
Lair:4:   layout_loops_ring, minmay_snake_entry_six_corridors,
          nzn_sisyphean_effort, uniq_kirke
Lair:5:   layout_cellular_growth, basic_altar, hangedman_lair_generics_rect,
          grunt_megastairs_3
Lair:6:   hangedman_lair_caniforms_friends, layout_regular_city, slime_altar_2,
          grunt_megastairs_2
Snake:1:  layout_rooms, serial_shops, shop_fountains, st_stairs_12, uniq_aizul
Snake:2:  layout_rooms
Snake:3:  layout_concentric_octagons, gammafunk_ghost_berserking_beasts
Snake:4:  johnstein_snake_rune_scales, layout_rooms, uniq_vashnia, uniq_nikola,
          uniq_donald
Orc:1:    layout_caves, basic_altar, mines1_david
Orc:2:    grunt_orc_community_town_hall, layout_caves,
          grunt_orc_community_big_house_2, grunt_orc_community_big_house_2,
          grunt_orc_community_house_3, grunt_orc_community_house_3,
          grunt_orc_community_house_3, grunt_orc_community_house_2,
          serial_shops, shop, uniq_sonja

Skill      XL: |  1  2  3  4  5  6  7  8  9 10 11 12 13 14 15 16 |
---------------+-------------------------------------------------+-----
Axes           | 4 5 7 8 11 13 14 16 19 20 | 20.0
Armour         | 3 4 7 9 10 12 14 15 | 15.7
Fighting       | 5 10 11 12 17 19 20 | 20.0
Shields        | 2 4 6 8 9 |  9.0
Evocations     | 2 3 4 5 6 |  6.1
Dodging        | 5 6 7 8 |  8.2
Slings         | 3 5 |  5.2

Action                   |  1- 3 |  4- 6 |  7- 9 | 10-12 | 13-15 | 16-18 || total
-------------------------+-------+-------+-------+-------+-------+-------++-------
Melee: Hand axe          |    74 |    97 |    52 |       |       |       ||   223
       Headbutt          |    14 |    19 |    60 |   158 |   195 |    24 ||   470
       War axe           |       |       |   235 |   250 |       |       ||   485
       Broad axe         |       |       |       |   322 |    67 |       ||   389
       Executioner's axe |       |       |       |       |   620 |    73 ||   693
       Trident           |       |       |       |       |     3 |       ||     3
 Fire: Hunting sling     |       |       |       |    21 |       |       ||    21
Throw: Stone             |    11 |       |       |       |       |       ||    11
       Boomerang         |       |     3 |    24 |     5 |       |       ||    32
       Dart              |       |       |       |       |       |     1 ||     1
Invok: Berserk           |     2 |     2 |     3 |     5 |     1 |       ||    13
       Trog's Hand       |       |       |       |     2 |       |     1 ||     3
       Brothers in Arms  |       |       |       |       |     1 |     1 ||     2
  Use: Scroll            |     3 |     3 |     5 |     2 |    23 |     1 ||    37
       Potion            |       |       |       |       |     1 |     3 ||     4
Armor: Animal skin       |    14 |       |       |       |       |       ||    14
       Ring mail         |     2 |       |       |       |       |       ||     2
       Scale mail        |       |    27 |       |       |       |       ||    27
       Plate armour      |       |    10 |   207 |   227 |   401 |    51 ||   896
Dodge: Dodged            |    54 |    31 |    47 |   197 |   580 |   101 ||  1010
Block: Kite shield       |       |     7 |   151 |   285 |    46 |       ||   489
